 Dungeon Crawl Stone Soup version 0.18-a0-1563-g3d1bdcc (webtiles) character file.

251 Psiweapon the Ruffian (level 5, -1/40 HPs)
             Began as a Minotaur Transmuter on Mar 13, 2016.
             Slain by Pikel
             ... wielding a +1 whip of freezing
              (3 damage)
             ... on level 4 of the Dungeon on Mar 14, 2016.
             The game lasted 00:09:52 (2838 turns).

Psiweapon the Ruffian (Minotaur Transmuter)         Turns: 2838, Time: 00:09:52

Health: -1/40      AC:  3    Str: 14    XL:     5   Next: 88%
Magic:  6/6        EV: 12    Int: 10    God:
Gold:   71         SH:  0    Dex: 12    Spells: 1 memorised, 5 levels left

rFire  . . .     SeeInvis .       - Unarmed
rCold  . . .     Gourm    .     j - +0 leather armour
rNeg   . . .     Faith    .     (no shield)
rPois  .         Spirit   .     (helmet restricted)
rElec  .         Dismiss  .     (no cloak)
rCorr  .         Reflect  .     (no gloves)
SustAt .         Harm     .     (no boots)
MR     +....                    (no amulet)
Stlth  +.........               u - ring of protection from magic
                                r - +4 ring of slaying

@: flying, somewhat resistant to hostile enchantments, very unstealthy
A: retaliatory headbutt, horns 2
a: no special abilities


You were on level 4 of the Dungeon.
You were not hungry.

You visited 1 branch of the dungeon, and saw 4 of its levels.

You collected 71 gold pieces.

Inventory:

Hand Weapons
 b - a +0 hunting sling
 f - a +2 dagger of venom
 w - a +0 war axe
Missiles
 a - 21 arrows
 i - 14 sling bullets
 k - 120 stones (quivered)
 l - 17 exploding sling bullets
Armour
 j - a +0 leather armour (worn)
 s - a +0 robe
 v - a +0 pair of gloves
 y - a +0 large shield
Jewellery
 r - a +4 ring of slaying (left hand)
 u - a ring of protection from magic (right hand)
Scrolls
 g - 7 scrolls of identify {unknown}
 h - 3 scrolls of remove curse {unknown}
 n - a scroll of noise {unknown}
 p - 3 scrolls of enchant weapon {unknown}
 t - a scroll of amnesia {unknown}
 z - a scroll of enchant armour {unknown}
 B - a scroll of teleportation {unknown}
Potions
 e - 4 potions of curing
 o - 2 potions of flight
 q - a potion of mutation {unknown}
 A - a potion of heal wounds {unknown}
 C - a potion of might {unknown}
 D - a potion of haste {unknown}
Books
 c - a book of Changes

   Spells                             Type                      Level
   a - Beastly Appendage              Transmutation                1
   b - Sticks to Snakes               Transmutation                2
   c - Spider Form                    Transmutation/Poison         3
   d - Ice Form                       Ice/Transmutation            4
   e - Blade Hands                    Transmutation                5
Comestibles
 d - a bread ration
 m - a meat ration
 x - 3 slices of pizza


   Skills:
 - Level 1.2 Fighting
 - Level 2.1 Dodging
 + Level 6.2 Unarmed Combat
 - Level 1.4 Spellcasting
 - Level 3.1 Transmutations


You had 5 spell levels left.
You knew the following spells:

 Your Spells              Type           Power        Failure   Level  Hunger
a - Beastly Appendage     Trmt           #.....       12%         1    ##.....


Dungeon Overview and Level Annotations

Branches:
Dungeon (4/15)
 Temple: D:4-7

Altars:
Dithmenos
Elyvilon
Nemelex Xobeh
Okawaru
Ru

Shops:
D:4 [

Annotations:
D:4 Pikel


Innate Abilities, Weirdness & Mutations

You reflexively headbutt those who attack you in melee.
You have a pair of horns on your head.


Message History

* * * LOW HITPOINT WARNING * * *
Your talons disappear.
Drink which item? (? for menu, Esc to quit)
It was a potion of flight.
You feel very buoyant.
You fly up into the air.
Pikel hits you but does no damage.
Drink which item? (? for menu, Esc to quit)
You feel better. Pikel hits you with a whip of freezing.
* * * LOW HITPOINT WARNING * * *
Pikel freezes you.
* * * LOW HITPOINT WARNING * * *
You barely miss Pikel. You headbutt Pikel.
Pikel is almost dead.
You closely miss Pikel.
Pikel is almost dead.
Pikel closely misses you.
You hit Pikel.
Pikel is almost dead.
Pikel hits you with a whip of freezing.
You die...

...........#
#..########
.........#.#######..##
###.#####............#
#.# #.#########..# #.#
#.# #...p.# #.# #.#
#.###.# ###.#####.#
#p# #.## ..........###
#K# #p.#
###.......#.####@#
##.# #
#......<.......# #.# #
#.#####.#.###### ##(##
###.## #.### ##.(.##
##...####.#
#####.....#####.#
..........#
#...............#
##...######
#.###.....#######
....## ##...## ##..#
##.##


You could see Pikel and a slave.

Vanquished Creatures
  2 howler monkeys (D:4)
  A giant frog skeleton (D:4)
  An orc wizard (D:3)
  6 adders
  A worm (D:3)
  3 dart slugs
  3 orcs
  10 bats
  A giant cockroach (D:1)
  7 goblins
  4 hobgoblins
  3 jackals (D:1)
  A quokka (D:2)
  2 ball pythons
  A giant newt (D:1)
  3 kobolds (D:3)
  7 rats
56 creatures vanquished.

Notes
Turn   | Place    | Note
--------------------------------------------------------------
     0 | D:1      | Psiweapon the Minotaur Transmuter began the quest for the Orb.
     0 | D:1      | Reached XP level 1. HP: 16/16 MP: 1/1
     3 | D:1      | Upgraded the game from 0.18-a0-1561-g7b1e397 to 0.18-a0-1563-g3d1bdcc
   167 | D:1      | Reached XP level 2. HP: 18/23 MP: 0/3
   714 | D:1      | Reached XP level 3. HP: 23/28 MP: 4/4
  1832 | D:3      | Found a sparkling altar of Nemelex Xobeh.
  1832 | D:3      | Found an iron altar of Okawaru.
  1902 | D:3      | Reached XP level 4. HP: 33/35 MP: 5/5
  1977 | D:4      | Found Tyhyemp's Armour Shoppe.
  2020 | D:3      | Reached skill level 4 in Unarmed Combat
  2337 | D:3      | Found a sacrificial altar of Ru.
  2344 | D:3      | Found a white marble altar of Elyvilon.
  2347 | D:3      | Found a shadowy altar of Dithmenos.
  2500 | D:3      | Reached skill level 5 in Unarmed Combat
  2523 | D:4      | Reached XP level 5. HP: 40/40 MP: 6/6
  2563 | D:4      | Reached skill level 6 in Unarmed Combat
  2791 | D:4      | Noticed Pikel
  2792 | D:4      | Noticed a slave
  2792 | D:4      | Noticed a slave
  2792 | D:4      | Noticed a slave
  2824 | D:4      | HP: 2/40 [Pikel/whip of freezing (3)]
  2835 | D:4      | HP: 2/40 [Pikel/whip of freezing (2)]
  2838 | D:4      | Slain by Pikel

Vault maps used:
D:1:      scummos_arrival_simple_crosswalls, serial_corexii_hall,
          corexii_hall_statues_t, corexii_hall_statues_x
D:3:      overflow_temple_1_default, minmay_overflow_temple_star_quad,
          overflow_temple_1_default, old_standard_altar,
          gammafunk_temple_overflow_statue, first_bread
D:4:      cheibriados_altar_1, serial_shops, kennysheep_mini_moat, uniq_pikel

Skill      XL: |  1  2  3  4  5 |
---------------+----------------+-----
Transmutations | 2 3 |  3.1
Unarmed Combat | 5 6 |  6.2
Fighting       | |  1.2
Dodging        | |  2.1
Spellcasting   | |  1.4

Action                   |  1- 3 |  4- 6 || total
-------------------------+-------+-------++-------
Melee: Unarmed           |    65 |    39 ||   104
 Fire: Hunting sling     |    26 |    19 ||    45
Throw: Stone             |    17 |       ||    17
 Cast: Beastly Appendage |     8 |     3 ||    11
  Use: Potion            |       |     2 ||     2
  Eat: Chunk             |     3 |     3 ||     6
